 Dungeon Crawl Stone Soup version 0.28.0-45-g0d030f2227 (webtiles) character file.

Game seed: 9716577866390063543

2233 RascalDebosk the Skirmisher (level 9, -3/79 HPs)
             Began as a Minotaur Berserker on Apr 9, 2022.
             Was a Priest of Trog.
             Succumbed to a gnoll shaman's poison
             ... on level 7 of the Dungeon.
             The game lasted 00:32:49 (7670 turns).

RascalDebosk the Skirmisher (Minotaur Berserker)    Turns: 7670, Time: 00:32:49

Health: -3/79      AC: 14    Str: 30    XL:     9   Next: 14%
Magic:  8/8        EV:  9    Int:  6    God:    Trog [***...]
Gold:   285        SH:  0    Dex: 10    Spells: 8/8 levels left

rFire   . . .      SeeInvis .   w - +0 battleaxe
rCold   . . .      Faith    .   (shield currently unavailable)
rNeg    . . .      Spirit   .   s - +0 chain mail
rPois   .          Reflect  .   (helmet restricted)
rElec   .          Harm     .   d - +1 cloak
rCorr   .          Rampage  .   f - +0 pair of gloves
Will    .....                   (no boots)
Stlth   ..........              v - amulet of the acrobat
HPRegen 0.23/turn               e - +6 ring of strength
MPRegen 0.11/turn               (no ring)

@: lethally poisoned (-3 -> -32), on berserk cooldown
A: horns 2, retaliatory headbutt
a: Renounce Religion, Berserk, Trog's Hand


You were on level 7 of the Dungeon.
You worshipped Trog.
Trog was most pleased with you.
You visited 2 branches of the dungeon, and saw 8 of its levels.
You also visited: Sewer.

You collected 285 gold pieces.

Inventory:

Hand Weapons
 i - a +0 war axe
 r - a +3 hand axe
 w - a +0 battleaxe (weapon)
Missiles
 m - 7 poisoned darts (quivered)
 t - 14 atropa-tipped darts
Armour
 a - a +0 cloak
 d - a +1 cloak (worn)
 f - a +0 pair of gloves (worn)
 s - a +0 chain mail (worn)
Jewellery
 e - a +6 ring of strength (left hand)
 v - an amulet of the acrobat (around neck)
Wands
 y - a wand of mindburst (19)
Scrolls
 n - a scroll of holy word
 u - a scroll of fear
 z - a scroll of identify
 A - a scroll of summoning {unknown}
 B - a scroll of teleportation
 C - a scroll of blinking {unknown}
Potions
 b - a potion of might
 c - a potion of ambrosia
 g - a potion of flight {unknown}
 j - 3 potions of mutation
 k - a potion of resistance {unknown}
 l - 2 potions of cancellation
 o - a potion of brilliance {unknown}
 p - 3 potions of invisibility
 q - 2 potions of heal wounds
 x - 2 potions of degeneration {unknown}
Miscellaneous
 h - a piece from Xom's chessboard (15/15)


   Skills:
 + Level 7.5 Fighting
 + Level 7.4 Axes
 + Level 5.1 Throwing
 + Level 6.9 Armour
 - Level 2.4 Dodging
 + Level 4.7 Evocations


You had 8 spell levels left.
You didn't know any spells.
Your spell library was empty.

Dungeon Overview and Level Annotations

Branches:
Dungeon (7/15)             Temple (1/1) D:6           Sewer (visited)

Altars:
Ashenzari
Cheibriados
Dithmenos
Elyvilon
Fedhas
Gozag
Hepliaklqana
Kikubaaqudgha
Makhleb
Nemelex Xobeh
Okawaru
Qazlal
Sif Muna
Trog
Uskayaw
Vehumet
Xom
Yredelemnul
Zin
The Shining One

Shops:
D:6 *


Innate Abilities, Weirdness & Mutations

You have a pair of horns on your head.
You reflexively headbutt those who attack you in melee.


Message History

You feel very sick.
The gnoll shaman mumbles some strange prayers to its god.
The gnoll shaman is healed somewhat.
The gnoll hits you with a +0 whip.
* * * LOW HITPOINT WARNING * * *
The gnoll shaman prays to its god.
The gnoll shaman is healed somewhat.
You slash the gnoll shaman!
The gnoll shaman is severely wounded.
You barely miss the gnoll.
You feel very sick. The gnoll hits you with a +0 whip.
* * * LOW HITPOINT WARNING * * *
The gnoll shaman hits you but does no damage.
You are lethally poisoned!
The gnoll hits you with a +0 whip.
* * * LOW HITPOINT WARNING * * *
The gnoll shaman closely misses you. You furiously retaliate!
You headbutt the gnoll shaman.
You feel much better.
You feel very sick. The gnoll hits you with a +0 whip.
* * * LOW HITPOINT WARNING * * *
The gnoll shaman hits you with a +2 whip of venom!
* * * LOW HITPOINT WARNING * * *
You are more poisoned.
The gnoll hits you but does no damage.
You feel much better.
You feel yourself speed up.
You feel very sick.
The gnoll shaman hits you with a +2 whip of venom!
* * * LOW HITPOINT WARNING * * *
You are more poisoned.
The gnoll closely misses you.
The gnoll shaman hits you with a +2 whip of venom.
* * * LOW HITPOINT WARNING * * *
You hit the gnoll shaman.
You kill the gnoll shaman!
Trog accepts your kill.
You hit the gnoll.
You die...

.. .. #. #. # # #. .#
#.#.##.# #..g)).# ##@## #
#>..#
#.#...###############
..###.#......<..........#
........#...............#
...##.#.#.......รท.[...[.#
#.#.#...............#
..##...#...............#
........................#


You could see a gnoll.

Vanquished Creatures
  A steam dragon (D:7)
  A water moccasin (D:7)
  3 sky beasts (D:6)
  3 ogres
  A necrophage (D:5)
  3 centaurs
  Blork the orc (D:5)
  3 scorpions
  5 killer bees (D:6)
  3 wights (D:6)
  2 jellies
  2 orc priests
  A gnoll shaman (D:7)
  3 hounds
  An orc wizard (D:4)
  3 iguanas
  6 gnolls
  4 adders
  6 river rats (Sewer)
  A white imp (D:6)
  3 ufetubi
  An adder skeleton (D:4)
  A worm (D:2)
  2 dart slugs
  10 orcs
  5 endoplasms
  4 giant cockroaches
  2 goblins
  2 hobgoblins
  3 jackals (D:2)
  4 quokkas
  9 ball pythons
  4 bats
  14 kobolds
  23 rats
  A butterfly (D:4)
141 creatures vanquished.

Vanquished Creatures (others)
  7 plants (D:2)
7 creatures vanquished.

Grand Total: 148 creatures vanquished

Notes
Turn   | Place    | Note
-------+----------+-------------------------------------------
     0 | D:1      | RascalDebosk the Minotaur Berserker began the quest for the
                  | Orb.
     0 | D:1      | Reached XP level 1. HP: 19/19 MP: 0/0
   183 | D:1      | Reached XP level 2. HP: 18/27 MP: 1/1
   793 | D:2      | Found a shimmering blue altar of Sif Muna.
   950 | D:2      | Reached XP level 3. HP: 33/33 MP: 2/2
   970 | D:2      | Reached ** piety under Trog
  1525 | D:3      | Reached skill level 1 in Throwing
  1570 | D:3      | Found a glowing drain.
  1574 | Sewer    | Entered a sewer
  1651 | Sewer    | Reached skill level 1 in Evocations
  1651 | Sewer    | Reached XP level 4. HP: 40/40 MP: 3/3
  2172 | Sewer    | Reached XP level 5. HP: 33/47 MP: 4/4
  2644 | D:3      | Found an opulent altar of Gozag.
  3023 | D:3      | Reached *** piety under Trog
  3225 | D:3      | You fall into a shaft and drop 1 floor!
  3880 | D:4      | Noticed an ogre
  3883 | D:4      | Killed an ogre
  3884 | D:4      | Reached skill level 5 in Fighting
  3884 | D:4      | Reached skill level 5 in Axes
  3884 | D:4      | Reached XP level 6. HP: 37/56 MP: 5/5
  4012 | D:4      | Found a shimmering altar of Xom.
  5051 | D:5      | Entered Level 5 of the Dungeon
  5066 | D:5      | Reached XP level 7. HP: 46/61 MP: 6/6
  5306 | D:5      | Reached skill level 5 in Armour
  5481 | D:5      | Found a radiant altar of Vehumet.
  5481 | D:5      | Noticed Blork the orc
  5489 | D:5      | Killed Blork the orc
  5709 | D:5      | Found a hazy altar of Hepliaklqana.
  5856 | D:5      | Reached XP level 8. HP: 46/70 MP: 7/7
  6050 | D:5      | Found a shimmering blue altar of Sif Muna.
  6506 | D:6      | Found a staircase to the Ecumenical Temple.
  6515 | Temple   | Entered the Ecumenical Temple
  6879 | D:6      | Found Tomab's Assorted Antiques.
  7292 | D:7      | Reached XP level 9. HP: 35/79 MP: 8/8
  7644 | D:7      | Reached skill level 5 in Throwing
  7670 | D:7      | Succumbed to a gnoll shaman's poison

Illustrated notes

Levels and vault maps discovered:
D:1:      dpeg_chamrin_arrival_tetris, layout_basic
D:2:      layout_loops_ring, basic_altar, chequers_serial_rivers_micro_e,
          st_stairs_8, serial_bayou_lagoon_a, serial_park_tiny_1
D:3:      layout_basic, nicolae_gozag_seed_capital, gup_sewer_entry_bowl
D:4:      layout_gridville, xom_butterflies
D:5:      layout_cave_pods, mainiacjoe_overflow_catwalk_spiral,
          lemuel_doored_altar, uniq_blork_the_orc
D:6:      layout_basic, minmay_temple_entry_proselytizer, serial_shops,
          nicolae_square_shop
D:7:      minmay_cornered_nines, layout_basic, amcnicky_altar_gilded,
          serial_shops, nicolae_shop_hallway_plus
Temple:   nicolae_temple_no_exploring_needed

Skill      XL: |  1  2  3  4  5  6  7  8  9 |
---------------+----------------------------+-----
Fighting       | 4 5 6 7 |  7.5
Axes           | 4 5 6 7 |  7.4
Armour         | 3 4 5 6 |  6.9
Throwing       | 1 2 3 4 5 |  5.1
Evocations     | 1 2 3 4 |  4.7
Dodging        | |  2.4

Action                   |  1- 3 |  4- 6 |  7- 9 || total
-------------------------+-------+-------+-------++-------
Melee: Hand axe          |    53 |       |       ||    53
       Headbutt          |    13 |    18 |    16 ||    47
       War axe           |    16 |   143 |    25 ||   184
       Punch             |       |     2 |       ||     2
       Battleaxe         |       |       |    90 ||    90
Throw: Dart              |       |     1 |       ||     1
Invok: Berserk           |     2 |     5 |     3 ||    10
  Use: Scroll            |       |     7 |     4 ||    11
       Potion            |       |       |     2 ||     2
Armor: Leather armour    |    15 |    20 |       ||    35
       Animal skin       |     2 |       |       ||     2
       Chain mail        |       |    36 |   100 ||   136
Dodge: Dodged            |    56 |    79 |   106 ||   241
